 Dungeon Crawl Stone Soup version 0.22-a0-785-g6253c82ace (webtiles) character file.

6631 Htamos the Grappler (level 11, -2/62 HPs)
             Began as a Gargoyle Abyssal Knight on July 20, 2018.
             Was an Elder of Lugonu.
             Slain by an unseen horror (6 damage)
             ... on level 9 of the Dungeon.
             The game lasted 00:25:10 (12531 turns).

Htamos the Grappler (Gargoyle Abyssal Knight)      Turns: 12531, Time: 00:25:11

Health: -2/62      AC: 14    Str: 23    XL:     11   Next: 2%
Magic:  17/17      EV: 12    Int: 16    God:    Lugonu [****..]
Gold:   357        SH:  0    Dex:  9    Spells: 9/10 levels left

rFire    . . .     SeeInvis .     - Unarmed
rCold    . . .     Gourm    +   (no shield)
rNeg     + . .     Faith    .   x - +0 leather armour
rPois    ∞         Spirit   .   (no helmet)
rElec    +         Reflect  .   (no cloak)
rCorr    .         Harm     .   j - +0 pair of gloves
MR       .....                  e - +1 pair of boots
Stlth    +.........             E - amulet "Raguc" {Gourm Str+5}
HPRegen  0.20/turn              p - +2 ring of intelligence
MPRegen  0.15/turn              v - ring of flight

@: no status effects
A: negative energy resistance 1, electricity resistance, unbreathing,
petrification resistance, rot immunity, AC +8
a: Depart the Abyss, Bend Space, Banish, Corrupt, Renounce Religion, Evoke
Flight


You were on level 9 of the Dungeon.
You worshipped Lugonu.
Lugonu was greatly pleased with you.
You were not hungry.

You visited 1 branch of the dungeon, and saw 9 of its levels.
You visited the Abyss 1 time.
You also visited: Ossuary.

You collected 487 gold pieces.
You spent 130 gold pieces at shops.

Inventory:

Missiles
 m - 165 stones (quivered)
Armour
 a - a +0 leather armour
 e - a +1 pair of boots (worn)
 i - a +0 ring mail
 j - a +0 pair of gloves (worn)
 o - a +0 chain mail
 x - a +0 leather armour (worn)
Jewellery
 n - an uncursed ring of wizardry {unknown}
 p - a +2 ring of intelligence (left hand)
 s - the amulet "Renkoa" {+Rage Slay+3, unknown}
   (You took it off an orc on level 7 of the Dungeon)

   [amulet of rage]

   It affects your accuracy and damage with ranged weapons and melee attacks
   (+3).
   It lets you go berserk.
 u - an uncursed ring of loudness
 v - a ring of flight (right hand)
 C - the ring "Laofu" {Fire Int+3, unknown}
   (You found it on level 7 of the Dungeon)

   [ring of fire]

   It enhances your fire magic.
   It affects your intelligence (+3).
   It protects you from fire.
   It makes you vulnerable to cold.
 D - the ring of the Robin {rC+ MR+ Str+3 Stlth+, unknown}
   (You took it off a deep elf mage on level 7 of the Dungeon)

   [ring of stealth]

   It affects your strength (+3).
   It protects you from cold.
   It affects your resistance to hostile enchantments.
   It makes you more stealthy.
 E - the amulet "Raguc" (around neck) {Gourm Str+5}
   (You found it on level 7 of the Dungeon)

   [amulet of the gourmand]

   It allows you to eat raw meat even when not hungry.
   It affects your strength (+5).
 F - a +3 ring of strength {unknown}
Wands
 w - a wand of digging (45)
 B - a wand of iceblast (10)
Scrolls
 c - 4 scrolls of remove curse
 f - 7 scrolls of identify
 k - a scroll of teleportation
 l - 3 scrolls of amnesia
 q - 9 scrolls of fog
 t - a scroll of enchant armour
 y - a scroll of fear
Potions
 d - a potion of flight
 g - a potion of agility
 h - a potion of might
 r - 2 potions of brilliance
 z - a potion of curing
 A - a potion of cancellation
 G - 2 potions of resistance
Comestibles
 b - 16 rations
 H - a chunk of flesh


   Skills:
 - Level 4.3 Fighting
 - Level 3.5 Armour
 - Level 2.3 Dodging
 * Level 13.4 Unarmed Combat
 - Level 2.3 Earth Magic
 + Level 8.3 Invocations


You had 9 spell levels left.
You knew the following spells:

 Your Spells              Type           Power        Failure   Level  Hunger
a - Sandblast             Erth           #.....       12%         1    ##.....

Your spell library contained the following spells:

 Spells                   Type           Power        Failure   Level  Hunger
 Stone Arrow              Conj/Erth      #.....       50%         3    ####...
 Passwall                 Tmut/Erth      #.......     28%         2    ###....
 Lee's Rapid Deconstruct  Erth           #.........   97%         5    ######.
 Petrify                  Tmut/Erth      #.......     88%         4    #####..


Dungeon Overview and Level Annotations

Branches:
Dungeon (9/15)             Temple (0/1) D:6             Orc (0/2) D:9
   Lair: D:8-11

Altars:
Elyvilon
Fedhas
Hepliaklqana
Kikubaaqudgha
Qazlal
Ru
Trog
Wu Jian

Shops:
D:5 (   D:8 *

Annotations:
Abyss:1 Edmund


Innate Abilities, Weirdness & Mutations

You are resistant to torment.
Your stone body is resilient. (AC +8)
You are immune to poison.
You resist negative energy. (rN+)
You are resistant to electric shocks. (rElec)
You can survive without breathing.
You are immune to petrification.
You are immune to rotting.


Message History

You barely miss something. Something hits you but does no damage.
You swing at nothing.
Something hits you.
* * * LOW HITPOINT WARNING * * *
You miss something. Something hits you but does no damage.
You swing at nothing.
Something completely misses you.
You swing at nothing.
Something hits you.
* * * LOW HITPOINT WARNING * * *
You punch something! Something hits you but does no damage.
You swing at nothing.
Something hits you!
* * * LOW HITPOINT WARNING * * *
You swing at nothing.
Something hits you but does no damage.
You hit something. Something hits you.
* * * LOW HITPOINT WARNING * * *
You swing at nothing.
Something hits you but does no damage.
You swing at nothing.
Something hits you but does no damage.
You hit something but do no damage. Your punch misses something.
Something hits you but does no damage.
You swing at nothing.
Something hits you but does no damage.
You miss something. Something hits you.
You die...

########.# #.# ## #.#
... ##.#######. #..
#######.........# #..
#........#######.## #.#
#.######.########)###..
#....<..)........#.#.#
#.######.#######@##.# #
#.# #.# #{##.##.#.#
#.######.# #..)).....##
.........# ###)))......
#.######## #.##......
#.......# #..# ......
#.#####.# ....# .$...>
#.###.#.# ####.. .....
#.##.#..# ### .....


There were no monsters in sight!

Vanquished Creatures
  A deep elf mage (D:7)
  A troll (D:7)
  4 hippogriffs
  A yak (D:7)
  A hungry ghost (D:9)
  Duvessa (D:7)
  A black bear (D:9)
  An orc warrior (D:9)
  A necrophage (D:9)
  2 sky beasts
  A centaur (D:6)
  8 ogres
  A big kobold (D:8)
  5 bullfrogs
  Dowan (D:7)
  2 scorpions
  A killer bee (D:7)
  5 crimson imps
  2 bullfrog zombies
  8 orc priests
  A centaur skeleton (D:5)
  2 hounds
  A jelly (D:8)
  10 orc wizards
  A gnoll shaman (D:3)
  3 iguanas
  8 worker ants
  A big kobold zombie (Ossuary)
  3 mummies (Ossuary)
  14 gnolls
  6 adders
  2 shadow imps
  An ooze (D:5)
  2 adder zombies
  A worm (D:2)
  A dart slug (D:2)
  8 leopard geckos
  26 orcs
  7 bats
  3 giant cockroaches
  4 goblins
  8 hobgoblins
  3 jackals (D:5)
  14 kobolds
  4 quokkas
  2 ball pythons (D:1)
  5 frilled lizards
  2 gnoll zombies (Ossuary)
  3 goblin zombies (Ossuary)
  A hobgoblin zombie (Ossuary)
  4 kobold zombies (Ossuary)
  A leopard gecko zombie (D:6)
  2 quokka skeletons
  5 quokka zombies (Ossuary)
  8 rats
  A rat zombie (Ossuary)
216 creatures vanquished.

Vanquished Creatures (others)
  3 two-headed ogres
  An ugly thing (D:7)
  A troll (D:9)
  A steam dragon (D:7)
  An ogre (D:5)
  A bush (D:2)
8 creatures vanquished.

Grand Total: 224 creatures vanquished

Notes
Turn   | Place    | Note
-------+----------+-------------------------------------------
     0 | Abyss:1  | Htamos the Gargoyle Abyssal Knight began the quest for the Orb.
     0 | Abyss:1  | Reached XP level 1. HP: 14/14 MP: 2/2
    49 | Abyss:1  | Noticed a small abomination
    57 | D:1      | Escaped the Abyss
   510 | D:1      | Reached skill level 1 in Dodging
   510 | D:1      | Reached XP level 2. HP: 18/19 MP: 3/3
   584 | D:1      | Reached * piety under Lugonu
  1648 | D:2      | Reached XP level 3. HP: 23/23 MP: 4/4
  1936 | D:1      | Reached XP level 4. HP: 18/29 MP: 5/5
  2132 | D:2      | Reached skill level 3 in Unarmed Combat
  2484 | D:2      | Reached ** piety under Lugonu
  2724 | D:2      | Reached XP level 5. HP: 29/33 MP: 7/7
  3678 | D:4      | Learned a level 1 spell: Sandblast
  4175 | D:4      | Noticed an ogre
  4293 | D:4      | Killed an ogre
  4293 | D:4      | Reached skill level 1 in Earth Magic
  4293 | D:4      | Reached XP level 6. HP: 33/38 MP: 0/8
  4709 | D:4      | Reached skill level 4 in Unarmed Combat
  5202 | D:5      | Entered Level 5 of the Dungeon
  5249 | D:5      | Found Usuphepn's Antique Weapon Shoppe.
  5263 | D:5      | Found a sand-covered staircase.
  5268 | Ossuary  | Entered an ossuary
  5549 | Ossuary  | Reached XP level 7. HP: 42/44 MP: 9/9
  5805 | D:5      | Reached *** piety under Lugonu
  5907 | D:5      | Reached skill level 5 in Unarmed Combat
  5985 | D:5      | Noticed Edmund
  6277 | D:5      | Reached skill level 6 in Unarmed Combat
  6814 | D:5      | Reached XP level 8. HP: 46/48 MP: 10/10
  6819 | D:5      | Banished Edmund
  6819 | D:5      | Reached skill level 7 in Unarmed Combat
  6886 | D:5      | Found an ornate altar of the Wu Jian Council.
  7154 | D:5      | Found a bloodstained altar of Trog.
  7164 | D:5      | Found a hazy altar of Hepliaklqana.
  7290 | D:6      | Reached skill level 8 in Unarmed Combat
  7477 | D:6      | Found a staircase to the Ecumenical Temple.
  7568 | D:6      | Reached skill level 9 in Unarmed Combat
  8193 | D:6      | Reached XP level 9. HP: 48/52 MP: 11/11
  8645 | D:7      | Found a stormy altar of Qazlal.
  8646 | D:7      | Found a blossoming altar of Fedhas.
  8648 | D:7      | Found a sacrificial altar of Ru.
  8654 | D:7      | Found an ancient bone altar of Kikubaaqudgha.
  8654 | D:7      | Found a white marble altar of Elyvilon.
  8713 | D:7      | Noticed Duvessa
  8713 | D:7      | Noticed Dowan
  8736 | D:7      | Killed Duvessa
  8736 | D:7      | Reached skill level 10 in Unarmed Combat
  8742 | D:7      | Killed Dowan
  9056 | D:7      | Noticed a troll
  9092 | D:7      | Killed a troll
  9353 | D:7      | Reached skill level 5 in Invocations
  9448 | D:7      | Reached skill level 11 in Unarmed Combat
  9599 | D:7      | Reached **** piety under Lugonu
  9692 | D:7      | Noticed a two-headed ogre
  9699 | D:7      | Banished a two-headed ogre
  9699 | D:7      | Reached XP level 10. HP: 43/58 MP: 9/14
  9700 | D:7      | Noticed a green ugly thing
  9720 | D:7      | Banished a green ugly thing
  9806 | D:7      | Reached skill level 12 in Unarmed Combat
  9812 | D:7      | Got a smoking ruby amulet
  9856 | D:7      | Noticed a deep elf mage
  9866 | D:7      | Killed a deep elf mage
  9868 | D:7      | Got a glittering golden ring
 10173 | D:7      | Got a brightly glowing bronze amulet
 10175 | D:7      | Identified the amulet "Raguc" {Gourm Str+5} (You found it on level 7 of the Dungeon)
 10179 | D:7      | Got an ancient lead ring
 11263 | D:8      | Found Jimiufol's General Store.
 11268 | D:8      | Bought a potion of resistance for 130 gold pieces
 11421 | D:8      | Noticed a two-headed ogre
 11426 | D:8      | Banished a two-headed ogre
 12193 | D:9      | Noticed a two-headed ogre
 12203 | D:9      | Reached skill level 13 in Unarmed Combat
 12221 | D:9      | Banished a two-headed ogre
 12455 | D:9      | Reached XP level 11. HP: 60/62 MP: 17/17
 12483 | D:9      | Found a staircase to the Orcish Mines.
 12526 | D:9      | HP: 3/62 [something (5)]
 12531 | D:9      | Slain by an unseen horror

Vault maps used:
D:1:      mrwooster_arrival_statue_2, minmay_shallow_snake_nest
D:2:      lexackson_kobold_supper
D:5:      nicolae_overflow_crystal_walls, amethyst_overflow_temple_binary,
          enter_ossuary_2, first_ration, serial_shops, shop, uniq_edmund
D:6:      minmay_temple_entry_purple_smoke
D:7:      minmay_the_grid_triangle_9x9_rhombus_thin, grunt_temple_overflow_open,
          grunt_ogre_cave, uniq_duvessa
D:8:      serial_shops, kennysheep_little_box
D:9:      orc_david_3
Ossuary:  ossuary_minmay_chase

Skill      XL: |  1  2  3  4  5  6  7  8  9 10 |
---------------+-------------------------------+-----
Dodging        | 1 2 |  2.3
Unarmed Combat | 3 4 6 9 11 13 | 13.4
Armour         | 3 |  3.5
Fighting       | 4 |  4.3
Invocations    | 3 6 8 |  8.3
Earth Magic    | 1 2 |  2.3

Action                   |  1- 3 |  4- 6 |  7- 9 | 10-12 || total
-------------------------+-------+-------+-------+-------++-------
Melee: Unarmed           |   187 |   433 |   492 |   205 ||  1317
       Punch             |     2 |     4 |    16 |    14 ||    36
 Cast: Sandblast         |       |    45 |     4 |       ||    49
Invok: Depart the Abyss  |     1 |       |       |       ||     1
       Banish            |       |       |     3 |     7 ||    10
       Bend Space        |       |       |     1 |       ||     1
  Use: Potion            |     1 |     5 |    11 |     6 ||    23
       Scroll            |       |     7 |     3 |     2 ||    12
 Stab: Distracted        |       |       |       |     1 ||     1
  Eat: Chunk             |     3 |    10 |    10 |    18 ||    41
       Ration            |       |     2 |     1 |       ||     3
Armor: Leather armour    |    42 |    53 |   246 |    95 ||   436
       Ring mail         |    42 |    15 |       |       ||    57
       Chain mail        |       |   133 |       |       ||   133
       Skin              |       |       |     1 |       ||     1
Dodge: Dodged            |   113 |   180 |   233 |    99 ||   625

Table legend:
 A = Spawn XP
 B = Non-spawn XP
 C = Spawn XP percentage of total XP
 D = Spawn monster count
 E = Non-spawn monster count
 F = Spawn count percentage of total count
 G = Total turns spent on level
                    A         B        C        D         E        F      G
               +---------+---------+-------+---------+---------+-------+---------
         Total |       0 |    9474 |   0.0 |       0 |     224 |   0.0 | 12531
               +---------+---------+-------+---------+---------+-------+---------
           D:1 |       0 |      83 |   0.0 |       0 |      25 |   0.0 |  1957
           D:2 |       0 |      98 |   0.0 |       0 |      26 |   0.0 |  1063
           D:3 |       0 |     111 |   0.0 |       0 |      14 |   0.0 |  1011
           D:4 |       0 |     303 |   0.0 |       0 |       9 |   0.0 |  1505
           D:5 |       0 |     912 |   0.0 |       0 |      22 |   0.0 |  1251
           D:6 |       0 |     813 |   0.0 |       0 |      20 |   0.0 |  1381
           D:7 |       0 |    3721 |   0.0 |       0 |      38 |   0.0 |  2194
           D:8 |       0 |    1552 |   0.0 |       0 |      27 |   0.0 |  1259
           D:9 |       0 |    1779 |   0.0 |       0 |      22 |   0.0 |   435
       Ossuary |       0 |     102 |   0.0 |       0 |      21 |   0.0 |   418
               +---------+---------+-------+---------+---------+-------+---------
